 Dungeon Crawl Stone Soup version 0.29-a0-323-g050149af67 (webtiles) character file.

Game seed: 10961828518058961583

2398 Jortsu the Grappler (level 9, -2/84 HPs)
             Began as a Troll Fighter on Apr 12, 2022.
             Was the Champion of Jiyva.
             Slain by a nine-headed hydra (11 damage)
             ... on level 7 of the Dungeon.
             The game lasted 00:09:48 (4421 turns).

Jortsu the Grappler (Troll Fighter)                 Turns: 4421, Time: 00:09:48

Health: -2/84      AC:  9    Str: 28    XL:     9   Next: 23%
Magic:  8/8        EV: 13    Int:  4    God:    Jiyva [******]
Gold:   231        SH:  8    Dex: 11    Spells: 8/8 levels left

rFire   + . .      SeeInvis .     - Unarmed
rCold   . . .      Faith    .   b - +0 kite shield
rNeg    . . .      Spirit   .   a - +1 robe
rPois   .          Reflect  .   (helmet restricted)
rElec   .          Harm     .   p - +0 cloak
rCorr   +          Rampage  .   (gloves unavailable)
Will    .....                   (boots unavailable)
Stlth   +.........              n - amulet of regeneration
HPRegen 3.44/turn               (no ring)
MPRegen 0.61/turn               (no ring)

@: no status effects
A: large, unfitting armour, claws 3, regeneration 1, shaggy fur 1, tough skin 1,
talons 2, fire resistance 1, acidic bite, gelatinous body 3, tendrils
a: Renounce Religion, Oozemancy, Slimify


You were on level 7 of the Dungeon.
You worshipped Jiyva.
Jiyva was exalted by your worship.
You visited 1 branch of the dungeon, and saw 7 of its levels.

You collected 251 gold pieces.
You spent 20 gold pieces at shops.

Inventory:

Armour
 a - a +1 robe (worn)
 b - a +0 kite shield (worn)
 p - a +0 cloak (worn)
Jewellery
 n - an amulet of regeneration (around neck)
Wands
 v - a wand of paralysis (8)
Scrolls
 e - 3 scrolls of fear
 m - a scroll of blinking
 s - a scroll of teleportation
 w - a scroll of enchant armour
 x - a scroll of identify
Potions
 c - a potion of might
 d - a potion of magic {unknown}
 f - a potion of cancellation {unknown}
 g - 2 potions of attraction
 h - a potion of ambrosia {unknown}
 i - 2 potions of lignification
 j - a potion of heal wounds {unknown}
 k - 3 potions of curing {unknown}
 l - 3 potions of berserk rage
 o - 3 potions of flight {unknown}
 q - a potion of invisibility {unknown}
 r - a potion of resistance {unknown}
 t - 2 potions of haste {unknown}
 u - a potion of mutation {unknown}


   Skills:
 + Level 3.7 Fighting
 + Level 6.1 Dodging
 + Level 1.1 Stealth
 + Level 5.0 Shields
 + Level 8.2 Unarmed Combat


You had 8 spell levels left.
You didn't know any spells.
Your spell library contained the following spells:

 Spells                   Type           Power      Damage    Failure   Level
 Summon Small Mammal      Summ           0%         N/A       77%         1
 Call Canine Familiar     Summ           0%         N/A       98%         3
 Ignite Poison            Fire/Tmut/Pois 0%         N/A       98%         3
 Mephitic Cloud           Conj/Pois/Air  0%         N/A       98%         3
 Summon Guardian Golem    Hex/Summ       0%         N/A       98%         3
 Freezing Cloud           Conj/Ice/Air   0%         6-21      100%        5


Dungeon Overview and Level Annotations

Branches:
Dungeon (7/15)             Temple (0/1) D:4

Altars:
Elyvilon
Hepliaklqana
Qazlal
Ru
Sif Muna
Uskayaw
Xom
Yredelemnul
Beogh
Jiyva

Shops:
D:4 :   D:6 *

Annotations:
D:7 Menkaure


Innate Abilities, Weirdness & Mutations

You are too large for most types of armour.
You have claws for hands.
Your natural rate of healing is unusually fast.
You are covered in fur. (AC +1)
You have tough skin. (AC +1)
You have razor-sharp toenails.
Your flesh is heat resistant. (rF+)
You have acidic saliva.
Your gelatinous body deflects attacks. (AC +3, EV +3)
You are covered in slimy tendrils that may disarm your opponents.


Message History

The five-headed hydra grows two more!
You claw the seven-headed hydra!
The seven-headed hydra is moderately wounded.
The seven-headed hydra barely misses you.
You block the seven-headed hydra's attack.
The seven-headed hydra bites you! x3; The seven-headed hydra bites you.
The seven-headed hydra bites you!
You rip one of the seven-headed hydra's heads off!
The six-headed hydra grows two more!
You mangle the eight-headed hydra!!
You bite the eight-headed hydra, but do no damage.
The eight-headed hydra is moderately wounded.
The eight-headed hydra bites you!
You block the eight-headed hydra's attack.
The eight-headed hydra completely misses you.
The eight-headed hydra barely misses you.
The eight-headed hydra bites you.
The eight-headed hydra completely misses you.
The eight-headed hydra bites you but does no damage.
The eight-headed hydra bites you.
* * * LOW HITPOINT WARNING * * *
You completely miss the eight-headed hydra.
Your kick misses the eight-headed hydra.
The eight-headed hydra is moderately wounded.
You block the eight-headed hydra's attack.
The eight-headed hydra bites you but does no damage.
The eight-headed hydra completely misses you.
The eight-headed hydra barely misses you.
The eight-headed hydra bites you!
* * * LOW HITPOINT WARNING * * *
The eight-headed hydra bites you.
* * * LOW HITPOINT WARNING * * *
The eight-headed hydra barely misses you.
The eight-headed hydra bites you.
* * * LOW HITPOINT WARNING * * *
You claw one of the eight-headed hydra's heads off!
The seven-headed hydra grows two more!
You claw the nine-headed hydra! x2
The nine-headed hydra is moderately wounded.
The nine-headed hydra closely misses you.
The nine-headed hydra bites you but does no damage.
The nine-headed hydra bites you!
You die...

#.# ... #####.##
...... #......#
......# #.###..#
.....# #.###..#
#.#.# #.#....# #....
#.#.##.# ##....
#####.#.##.# ##.....
#..@D......###......
#.###....?..........
#. #....#.###.#.)†.
# ........##.#)(..
.#....#.....))#.#
.........###.#)###
#.M..#.>#####.#)##
..##.#.#.........#
#.####...#


You could see a nine-headed hydra.

Vanquished Creatures
  Pikel (D:7)
  A steam dragon (D:6)
  A water moccasin (D:7)
  2 orc warriors
  2 sky beasts (D:5)
  2 black bears
  2 ice beasts
  An ogre (D:6)
  2 centaurs
  3 wights (D:7)
  2 howler monkeys (D:7)
  A hound (D:7)
  6 orc priests
  3 orc wizards
  Natasha (twice) (D:2)
  An iguana (D:7)
  Terence (D:2)
  5 adders
  A gnoll (D:4)
  2 shadow imps (D:6)
  A white imp (D:4)
  3 ufetubi
  A worm (D:3)
  A dart slug (D:1)
  16 orcs
  2 endoplasms (D:1)
  2 giant cockroaches (D:1)
  A goblin (D:4)
  2 hobgoblins
  4 jackals (D:3)
  12 kobolds
  2 quokkas
  3 ball pythons
  5 bats
  2 frilled lizards
  9 rats
107 creatures vanquished.

Vanquished Creatures (others)
  4 jellies
  4 hounds
  Natasha (D:2)
  An iguana (D:4)
  2 orc wizards (D:5)
  3 gnolls (D:4)
  3 adders
  A shadow imp (D:6)
  A white imp (D:6)
  A dart slug (D:2)
  An endoplasm (D:2)
  8 orcs
  A giant cockroach (D:3)
  2 goblins
  A kobold (D:2)
  2 quokkas
  2 frilled lizards (D:2)
  A rat (D:3)
39 creatures vanquished.

Grand Total: 146 creatures vanquished

Notes
Turn   | Place    | Note
-------+----------+-------------------------------------------
     0 | D:1      | Jortsu the Troll Fighter began the quest for the Orb.
     0 | D:1      | Reached XP level 1. HP: 22/22 MP: 0/0
   152 | D:1      | Reached XP level 2. HP: 29/29 MP: 1/1
   449 | D:2      | Found a faded altar of an unknown god.
   452 | D:2      | Prayed at the altar of an unknown god.
   452 | D:2      | Became a worshipper of Jiyva Jugieco the Shapeless
   452 | D:2      | Reached * piety under Jiyva
   532 | D:2      | Noticed Natasha
   534 | D:2      | Noticed a crimson imp
   545 | D:2      | Noticed a crimson imp
   546 | D:2      | Noticed a crimson imp
   549 | D:2      | Killed Natasha
   550 | D:2      | Reached XP level 3. HP: 25/36 MP: 2/2
   636 | D:2      | Killed Natasha
   654 | D:2      | Reached ** piety under Jiyva
   657 | D:2      | Noticed Terence
   658 | D:2      | Noticed Natasha
   660 | D:2      | Killed Terence
   661 | D:2      | Reached XP level 4. HP: 40/44 MP: 3/3
   674 | D:2      | Killed Natasha
   675 | D:2      | Reached skill level 3 in Unarmed Combat
  1289 | D:3      | Reached XP level 5. HP: 53/53 MP: 4/4
  1570 | D:4      | Reached *** piety under Jiyva
  1601 | D:4      | Gained mutation: You are covered in slimy tendrils that may
                  | disarm your opponents. [Jiyva's grace]
  1601 | D:4      | Gained mutation: You have sharp toenails. [Jiyva's grace]
  1601 | D:4      | Gained mutation: You have razor-sharp toenails. [Jiyva's
                  | grace]
  1601 | D:4      | Gained mutation: You have claws for feet. [Jiyva's grace]
  1854 | D:4      | Found Ochar's Book Emporium.
  1908 | D:4      | Reached **** piety under Jiyva
  1934 | D:4      | Noticed an ice beast
  1942 | D:4      | Killed an ice beast
  1943 | D:4      | Reached skill level 4 in Unarmed Combat
  1987 | D:4      | Found a sacrificial altar of Ru.
  2008 | D:4      | Found a staircase to the Ecumenical Temple.
  2018 | D:4      | Reached XP level 6. HP: 61/61 MP: 5/5
  2322 | D:5      | Entered Level 5 of the Dungeon
  2517 | D:5      | Found a hide-covered altar of Uskayaw.
  2569 | D:5      | Noticed a sky beast
  2576 | D:5      | Killed a sky beast
  2794 | D:5      | Gained mutation: Your flesh is heat resistant. (rF+)
                  | [Jiyva's grace]
  2794 | D:5      | Gained mutation: Your flesh is very heat resistant. (rF++)
                  | [Jiyva's grace]
  2794 | D:5      | Gained mutation: Your flesh is almost immune to the effects
                  | of heat. (rF+++) [Jiyva's grace]
  2794 | D:5      | Gained mutation: You have an increased reservoir of magic.
                  | (+10% MP) [Jiyva's grace]
  2797 | D:5      | Reached ***** piety under Jiyva
  2851 | D:5      | Noticed a sky beast
  2860 | D:5      | Killed a sky beast
  2861 | D:5      | Reached skill level 5 in Unarmed Combat
  3033 | D:6      | Noticed a steam dragon
  3041 | D:6      | Noticed an ice beast
  3047 | D:6      | Killed a steam dragon
  3048 | D:6      | Reached XP level 7. HP: 67/67 MP: 6/6
  3152 | D:6      | Found a hazy altar of Hepliaklqana.
  3326 | D:6      | Reached skill level 6 in Unarmed Combat
  3433 | D:6      | Found a hazy altar of Hepliaklqana.
  3436 | D:6      | Found a stormy altar of Qazlal.
  3436 | D:6      | Found a shimmering altar of Xom.
  3438 | D:6      | Found a shimmering blue altar of Sif Muna.
  3438 | D:6      | Found a shimmering altar of Xom.
  3438 | D:6      | Found an ornate altar of the Wu Jian Council.
  3480 | D:6      | Found Xoedd's General Store.
  3488 | D:6      | Bought a scroll of identify for 20 gold pieces
  3596 | D:6      | Reached XP level 8. HP: 75/75 MP: 7/7
  3627 | D:6      | Reached skill level 7 in Unarmed Combat
  3788 | D:6      | Found a white marble altar of Elyvilon.
  3990 | D:7      | Reached skill level 5 in Dodging
  4005 | D:7      | Identified the +8 chain mail "Atwuelig" {Fly Will+ rCorr
                  | Stlth-}
  4011 | D:7      | Found a basalt altar of Yredelemnul.
  4190 | D:7      | Reached ****** piety under Jiyva
  4190 | D:7      | Lost mutation: You have claws for feet. [Jiyva's grace]
  4190 | D:7      | Lost mutation: Your flesh is almost immune to the effects
                  | of heat. (rF+++) [Jiyva's grace]
  4190 | D:7      | Lost mutation: Your flesh is very heat resistant. (rF++)
                  | [Jiyva's grace]
  4190 | D:7      | Lost mutation: You have an increased reservoir of magic.
                  | (+10% MP) [Jiyva's grace]
  4190 | D:7      | Gained mutation: Your rubbery body absorbs attacks. (AC +1,
                  | EV +1) [Jiyva's grace]
  4190 | D:7      | Gained mutation: Your pliable body absorbs attacks. (AC +2,
                  | EV +2) [Jiyva's grace]
  4190 | D:7      | Gained mutation: Your gelatinous body deflects attacks. (AC
                  | +3, EV +3) [Jiyva's grace]
  4190 | D:7      | Gained mutation: You have acidic saliva. [Jiyva's grace]
  4268 | D:7      | Noticed Pikel
  4277 | D:7      | Killed Pikel
  4278 | D:7      | Reached skill level 1 in Stealth
  4278 | D:7      | Reached XP level 9. HP: 75/84 MP: 8/8
  4281 | D:7      | Reached skill level 8 in Unarmed Combat
  4314 | D:7      | Reached skill level 5 in Shields
  4408 | D:7      | Noticed a four-headed hydra
  4410 | D:7      | Noticed Menkaure
  4421 | D:7      | Slain by a nine-headed hydra

Illustrated notes

Levels and vault maps discovered:
D:1:      minmay_arrival_plants_in_alcoves, layout_rooms, minmay_domino_4
D:2:      layout_rooms, hellmonk_ecumenical_altar_defaced_shrine, uniq_terence,
          uniq_natasha
D:3:      layout_basic
D:4:      cheibrodos_quashed, layout_loops_corners,
          mainiacjoe_overflow_alcove_4, minmay_temple_entry_ruins, serial_shops,
          nicolae_lakefront_shop
D:5:      layout_gridville, mainiacjoe_overflow_paths, minmay_misc_feat_alley
D:6:      layout_basic, mainiacjoe_overflow_alcove_2, doesnt_xom_only_xom,
          nicolae_elyvilon_peaceful_grove, serial_shops, nicolae_shop_trees,
          uniq_sigmund
D:7:      layout_loops_cross, kennysheep_mini_moat, lightli_orcish_oven,
          uniq_pikel, uniq_menkaure

Skill      XL: |  1  2  3  4  5  6  7  8  9 |
---------------+----------------------------+-----
Fighting       | 3 |  3.7
Dodging        | 3 4 5 6 |  6.1
Unarmed Combat | 3 4 5 6 7 8 |  8.2
Shields        | 3 4 5 |  5.0
Stealth        | 1 |  1.1

Action                   |  1- 3 |  4- 6 |  7- 9 || total
-------------------------+-------+-------+-------++-------
Melee: Unarmed           |    72 |   120 |   157 ||   349
       Kick              |       |    10 |    39 ||    49
       Bite              |       |       |     7 ||     7
  Use: Scroll            |     5 |     3 |     1 ||     9
 Stab: Sleeping          |       |       |     1 ||     1
Armor: Robe              |    25 |    57 |    85 ||   167
Dodge: Dodged            |    27 |    49 |   117 ||   193
Block: Kite shield       |    16 |    44 |   113 ||   173

Table legend: (Time is in decaauts)
 A = Elapsed time spent in this place.
 B = Non-inter-level travel time spent in this place.
 C = Inter-level travel time spent in this place.
 D = Time resting spent in this place.
 E = Time spent auto-exploring this place.
 F = Levels seen in this place.
 G = Mean time per level.
                   A        B        C        D        E       F      G
               +--------+--------+--------+--------+--------+-----+--------+
         Total |   4445 |   4350 |     95 |      3 |   3145 |   7 |  635.0 |
       Dungeon |   4445 |   4350 |     95 |      3 |   3145 |   7 |  635.0 |
               +--------+--------+--------+--------+--------+-----+--------+

Top non-repeatable levels by time:
     D:6: 934 daAuts
     D:4: 755 daAuts
     D:5: 709 daAuts
     D:2: 697 daAuts
     D:3: 472 daAuts
     D:7: 456 daAuts
     D:1: 419 daAuts
